 Dungeon Crawl Stone Soup version 0.29.1-1-gd02db6906a (webtiles) character file.

Game seed: 5290889656860939445

69 Kaiern the Grave Robber (level 4, -1/24 HPs)
             Began as a Tengu Necromancer on Oct 5, 2022.
             Slain by Pargi (4 damage)
             ... on level 3 of the Dungeon.
             The game lasted 00:11:54 (2030 turns).

Kaiern the Grave Robber (Tengu Necromancer)         Turns: 2030, Time: 00:11:55

Health: -1/24      AC:  2    Str:  8    XL:     4   Next: 20%
Magic:  8/8        EV: 13    Int: 18    God:
Gold:   146        SH:  0    Dex: 14    Spells: 3/8 levels left

rFire   . . .      SeeInvis .   h - +0 short sword
rCold   . . .      Faith    .   (no shield)
rNeg    . . .      Spirit   .   a - +0 robe
rPois   .          Reflect  .   (helmet restricted)
rElec   .          Harm     .   (no cloak)
rCorr   .          Rampage  .   (no gloves)
Will    .....                   (boots unavailable)
Stlth   ++........              (no amulet)
HPRegen 0.08/turn               (no ring)
MPRegen 0.11/turn               (no ring)

@: no status effects
A: beak, talons 3
a: no special abilities


You were on level 3 of the Dungeon.
You visited 1 branch of the dungeon, and saw 3 of its levels.

You collected 146 gold pieces.

Inventory:

Hand Weapons
 g - a +0 dagger
 h - a +0 short sword (weapon)
Armour
 a - a +0 robe (worn)
Jewellery
 j - a ring of ice
Scrolls
 d - a scroll of fog {unknown}
 i - 3 scrolls of identify {unknown}
Potions
 b - 3 potions of magic
 c - 2 potions of mutation {unknown}
 e - a potion of brilliance {unknown}
 f - 5 potions of curing {unknown}
 k - a potion of heal wounds {unknown}


   Skills:
 + Level 3.0 Dodging
 + Level 2.8 Stealth
 + Level 2.6 Spellcasting
 + Level 4.9 Necromancy


You had 3 spell levels left.
You knew the following spells:

 Your Spells              Type           Power      Damage    Failure   Level
a - Necrotise             Necr           80%        1d8       2%          1
b - Animate Dead          Necr           20%        N/A       22%         4

Your spell library contained the following spells:

 Spells                   Type           Power      Damage    Failure   Level
 Vampiric Draining        Necr           20%        2d7       7%          3
 Ozocubu's Armour         Ice            2%         N/A       45%         3
 Agony                    Necr           20%        N/A       52%         5
 Metabolic Englaciation   Hex/Ice        1%         N/A       99%         5
 Simulacrum               Ice/Necr       5%         N/A       100%        6


Dungeon Overview and Level Annotations

Branches:
Dungeon (3/15)

Altars:

Shops:
D:1 *

Annotations:
D:3 Pargi


Innate Abilities, Weirdness & Mutations

You have a beak for a mouth.
You have claws for feet.


Message History

Pargi the Meek comes into view.
A jackal zombie comes into view.
Your frilled lizard skeleton completely misses Pargi.
You swap places.
Your frilled lizard skeleton barely misses Pargi.
Casting: Necrotise (safe; 2% risk of failure)
Confirm with . or Enter, or press ? or * to list all spells.
You can't see any susceptible monsters within range! (Use Z to cast anyway.) Unknown command.
Pargi barely misses your goblin skeleton.
Pargi completely misses your goblin skeleton.
Pargi claws your goblin skeleton.
Your goblin skeleton hits Pargi but does no damage.
Your frilled lizard skeleton closely misses Pargi.
The jackal zombie misses you. Pargi bites your goblin skeleton!
Your goblin skeleton is destroyed!
You hit the jackal zombie. You claw the jackal zombie.
You peck the jackal zombie.
The jackal zombie is almost destroyed.
The jackal zombie closely misses you. The jackal zombie misses you.
You hit the jackal zombie.
You destroy the jackal zombie!
Pargi misses you. Pargi claws you. Pargi closely misses you.
Things that are here:
a +0 sling; a +0 club You hit Pargi.
You peck Pargi.
Pargi is lightly wounded.
Your frilled lizard skeleton bites Pargi but does no damage.
Pargi bites you! Pargi claws you. x2
* * * LOW HITPOINT WARNING * * *
You hit Pargi but do no damage. Your kick misses Pargi. Your peck misses Pargi.
Pargi is lightly wounded.
Pargi misses you. Pargi claws you.
* * * LOW HITPOINT WARNING * * *
Pargi claws you.
* * * LOW HITPOINT WARNING * * *
Your frilled lizard skeleton bites Pargi.
Your frilled lizard skeleton misses Pargi.
Pargi bites you.
You die...

........... ♣ ♣#####.##
..........♣
♣.♣♣.......#
..........♣ ♣..########
..........♣♣ ♣♣
.♣.♣.....#
#.......♣♣.♣...♣.####.#
.#####.)...♣..♣. ♣# #.#
.........Z...♣ ♣ #.#
.......#...T.# ###.###
.......#....@# #.....#
#......#.....####
#.#####
###...##........# #.#
...............######.#
####...........'......#
....##..##############
###. ##.# # #.# #.#


You could see Pargi (ally target) and a friendly frilled lizard skeleton.

Vanquished Creatures
  2 adders (D:2)
  A worm (D:2)
  3 endoplasms
  5 giant cockroaches
  7 goblins
  3 hobgoblins
  4 jackals (D:2)
  3 ball pythons (D:1)
  A bat (D:1)
  3 frilled lizards
  A jackal zombie (D:3)
  5 kobolds
  3 rats (D:1)
41 creatures vanquished.

Vanquished Creatures (collateral kills)
  A ball python (D:1)
  An endoplasm (D:1)
  A frilled lizard (D:1)
3 creatures vanquished.

Grand Total: 44 creatures vanquished

Notes
Turn   | Place    | Note
-------+----------+-------------------------------------------
     0 | D:1      | Kaiern the Tengu Necromancer began the quest for the Orb.
     0 | D:1      | Reached XP level 1. HP: 10/10 MP: 4/4
    24 | D:1      | Found Ongerid's Assorted Antiques.
   258 | D:1      | Reached XP level 2. HP: 15/15 MP: 1/6
   670 | D:1      | Reached XP level 3. HP: 18/19 MP: 2/7
  1507 | D:2      | Reached XP level 4. HP: 24/24 MP: 2/8
  1930 | D:2      | Learned a level 4 spell: Animate Dead
  2016 | D:3      | Noticed Pargi
  2030 | D:3      | Slain by Pargi

Illustrated notes

Levels and vault maps discovered:
D:1:      nicolae_arrival_washed_ashore, layout_loops_ring, serial_shops,
          nicolae_diamond_shop
D:2:      layout_basic
D:3:      layout_basic, nicolae_yredelemnul_corpse_copse,
          nicolae_overflow_hidden_temple,
          dreamdust_ecumenical_altar_angels_and_demons, uniq_crazy_yiuf_cottage,
          uniq_robin, uniq_natasha, uniq_pargi

Skill      XL: |  1  2  3  4 |
---------------+-------------+-----
Dodging        | 3 |  3.0
Stealth        | |  2.8
Spellcasting   | |  2.6
Necromancy     | |  4.9

Action                   |  1- 3 |  4- 6 || total
-------------------------+-------+-------++-------
Melee: Dagger            |     1 |       ||     1
       Short sword       |     2 |    16 ||    18
       Peck              |     1 |     4 ||     5
       Kick              |       |     2 ||     2
 Cast: Necrotise         |    64 |    10 ||    74
 Stab: Distracted        |       |     1 ||     1
Armor: Robe              |     7 |     2 ||     9
Dodge: Dodged            |    11 |    14 ||    25
